 Dungeon Crawl Stone Soup version 0.28-a0-265-g048bc9fd10 (webtiles) character file.

Game seed: 498278083366673010

20 Shayle the Ducker (level 3, 0/29 HPs)
             Began as a Djinni Warper on Aug 27, 2021.
             Slain by an orc (4 damage)
             ... on level 4 of the Dungeon.
             The game lasted 00:03:21 (1104 turns).

Shayle the Ducker (Djinni Warper)                   Turns: 1104, Time: 00:03:22

Health: 0/29       AC:  3    Str: 10    XL:     3   Next: 0%
Gold:   20         EV: 12    Int: 15    God:
                   SH:  0    Dex: 12

rFire   + + .      SeeInvis .   b - +2 dagger (drain)
rCold   x . .      Faith    .   (no shield)
rNeg    . . .      Spirit   .   a - +0 leather armour
rPois   ∞          Reflect  .   (no helmet)
rElec   .          Harm     .   (no cloak)
rCorr   .          Rampage  .   (no gloves)
Will    .....                   (boots unavailable)
Stlth   +.........              (no amulet)
HPRegen 0.09/turn               (no ring)
MPRegen 0.00/turn               (no ring)

@: flying
A: sickness immunity, fire resistance 2, cold vulnerability 1, float, innate
caster, hp casting, extra vitality 1
a: no special abilities


You were on level 4 of the Dungeon.
You visited 1 branch of the dungeon, and saw 4 of its levels.

You collected 20 gold pieces.

Inventory:

Hand Weapons
 b - a +2 dagger of draining (weapon)
 d - a +0 spear
Missiles
 c - a boomerang of dispersal (quivered)
 e - 2 atropa-tipped darts
Armour
 a - a +0 leather armour (worn)
Potions
 f - a potion of curing {unknown}


   Skills:
 + Level 2.3 Fighting
 - Level 0.7 Throwing
 - Level 1.0 Armour
 + Level 2.6 Dodging
 + Level 2.3 Unarmed Combat
 + Level 2.6 Spellcasting


You couldn't memorise any spells.
You knew the following spells:

 Your Spells              Type           Power      Damage    Failure   Level
a - Blink                 Tloc           N/A        N/A       14%         2
b - Lesser Beckoning      Tloc           4%         N/A       28%         3
c - Gell's Gravitas       Tloc           4%         N/A       28%         3
d - Teleport Other        Tloc           9%         N/A       28%         3
e - Manifold Assault      Tloc           9%         N/A       95%         5
f - Pain                  Necr           36%        1d5       10%         1
Your spell library was empty.

Dungeon Overview and Level Annotations

Branches:
Dungeon (4/15)
 Temple: D:4-7

Altars:


Innate Abilities, Weirdness & Mutations

You are immune to sickness and miasma.
You are immune to poison.
Your flesh is very heat resistant. (rF++)
You are vulnerable to cold. (rC-)
You float through the air rather than walking.
You learn spells naturally, not from books.
Your magical power is your life essence.
You have superior vitality. (+4 HP)


Message History

Your experience leads to an increase in your attributes!
Increase (S)trength, (I)ntelligence, or (D)exterity?
You feel clever.
The power to cast Pain wells up from within.
Spell assigned to 'f'.
HP restored.
Things that are here:
a +0 club; 3 stones
Found a book of Changes.
Found a stone staircase leading up.
f - a blue potion
Found a rapier.
There is a stone staircase leading up here.
You fly upwards.
The orc shouts! x2; The orc priest shouts!
The jackal barks! x2
The orc shouts!
The jackal bites you.
A jackal comes into view.
The orc priest mumbles some strange prayers to Beogh against you.
Pain shoots through your body! The orc hits you with a +0 club.
The jackal barely misses you. The orc hits you with a +0 club.
The orc hits you with a +0 falchion.
The orc priest looks encouraged for a moment.
The jackal moves out of view.
Found an orange potion.
Found an escape hatch in the floor.
There is a stone staircase leading down here.
The orc hits you with a +0 club. The orc barely misses you.
You fly downwards.
There is a stone staircase leading up here.
You closely miss the orc. The orc hits you with a +0 falchion.
* * * LOW HITPOINT WARNING * * *
The orc hits you with a +0 club.
* * * LOW HITPOINT WARNING * * *
Unknown command.
You hit the orc.
The orc is heavily wounded.
The orc hits you with a +0 club.
* * * LOW HITPOINT WARNING * * *
The orc hits you with a +0 falchion.
You die...

.####...###
..)........
.......... ........
#...... #.#...#
#.#...# . #.#.o@# #
#. #.##o##.#
##.#######.......#
##.......##.......#
...............##.#
#............## .#
#.#...#.##.#......
#.......##.#..##.##
##.....###.#..#


You could see 2 orcs.

Vanquished Creatures
  A dart slug (D:1)
  A ball python (D:1)
  4 bats (D:1)
  An endoplasm (D:1)
  3 jackals (D:1)
  3 kobolds
  A quokka (D:1)
  2 frilled lizards (D:1)
16 creatures vanquished.

Notes
Turn   | Place    | Note
-------+----------+-------------------------------------------
     0 | D:1      | Shayle the Djinni Warper began the quest for the Orb.
     0 | D:1      | Reached XP level 1. HP: 18/18 MP: 0/0
   297 | D:1      | Reached XP level 2. HP: 20/23 MP: 0/0
   375 | D:1      | Found a faded altar of an unknown god.
  1018 | D:4      | Reached XP level 3. HP: 24/29 MP: 0/0
  1018 | D:4      | Learned a level 1 spell: Pain
  1104 | D:4      | Slain by an orc

Illustrated notes

Levels and vault maps discovered:
D:1:      minmay_arrival_stone_box, layout_rooms,
          hellmonk_ecumenical_altar_crossroads, grunt_decor_arrowhead
D:2:      layout_rooms, minmay_split_cup_small
D:3:      layout_loops_ring, amcnicky_altar_gilded, grunt_temple_overflow_open,
          serial_undead, serial_undead_e, serial_undead_e, serial_undead_f,
          serial_undead_d, serial_undead_d, serial_undead_e, uniq_sigmund
D:4:      layout_loops_cross, zin_academy, minmay_temple_entry_trees,
          nrook_mini_vaults, item_on_display_a

Action                   || total
-------------------------++-------
Melee: Spear             ||    60
       Unarmed           ||     9
       Dagger            ||     4
       Punch             ||     1
Throw: Boomerang         ||     4
 Cast: Blink             ||     1
  Use: Scroll            ||     2
Armor: Leather armour    ||    33
Dodge: Dodged            ||    58

Table legend: (Time is in decaauts)
 A = Elapsed time spent in this place.
 B = Non-inter-level travel time spent in this place.
 C = Inter-level travel time spent in this place.
 D = Time resting spent in this place.
 E = Time spent auto-exploring this place.
 F = Levels seen in this place.
 G = Mean time per level.
                   A        B        C        D        E       F      G
               +--------+--------+--------+--------+--------+-----+--------+
         Total |   1110 |   1110 |      0 |    706 |    168 |   4 |  277.5 |
       Dungeon |   1110 |   1110 |      0 |    706 |    168 |   4 |  277.5 |
               +--------+--------+--------+--------+--------+-----+--------+

Top non-repeatable levels by time:
     D:1: 687 daAuts
     D:4: 395 daAuts
     D:3: 23 daAuts
     D:2: 3 daAuts
